 Dungeon Crawl Stone Soup version 0.20.1-1-g8b1a95d (webtiles) character file.

645 keltmir the Changer (level 7, -3/52 HPs)
             Began as a Red Draconian Transmuter on Oct 29, 2017.
             Killed by nerve-wracking pain
             ... invoked by Menkaure
              (11 damage)
             ... on level 4 of the Dungeon.
             The game lasted 00:16:31 (3822 turns).

keltmir the Changer (Red Draconian Transmuter)      Turns: 3822, Time: 00:16:32

Health: -3/52      AC:  8    Str: 13    XL:     7   Next: 27%
Magic:  10/10      EV: 18    Int: 15    God:
Gold:   221        SH:  0    Dex: 16    Spells: 6/10 levels left

rFire    + . .     SeeInvis .     - Unarmed
rCold    . . .     Gourm    .   (no shield)
rNeg     . . .     Faith    .   (armour unavailable)
rPois    .         Spirit   .   (helmet restricted)
rElec    .         Reflect  .   (no cloak)
rCorr    .         Harm     .   (no gloves)
MR       .....                  j - +1 pair of boots
Stlth    ++........             (no amulet)
Regen    0.2/turn               (no ring)
MPRegen  0.2/turn               (no ring)

@: agile, about to teleport
A: breathe fire, unfitting armour, fire resistance 1, cold-blooded, AC +6
a: Breathe Fire


You were on level 4 of the Dungeon.
You were not hungry.

You visited 1 branch of the dungeon, and saw 4 of its levels.

You collected 221 gold pieces.

Inventory:

Missiles
 a - 63 arrows
 w - 11 poisoned needles
Armour
 g - a +1 pair of boots
 j - a +1 pair of boots (worn)
Jewellery
 p - an uncursed ring of stealth {unknown}
 q - a +2 ring of dexterity {unknown}
Wands
 s - a wand of acid (14/15)
Scrolls
 d - a scroll of teleportation
 m - a scroll of fog
 n - 2 scrolls of remove curse
 t - a scroll of recharging
Potions
 e - a potion of flight {unknown}
 f - 2 potions of mutation {unknown}
 i - a potion of might {unknown}
 l - 3 potions of agility
 o - a potion of degeneration {unknown}
 u - a potion of heal wounds {unknown}
Books
 b - a book of Changes

   Spells                             Type                      Level
   a - Beastly Appendage              Transmutation                1
   b - Sticks to Snakes               Transmutation                2
   c - Spider Form                    Transmutation/Poison         3
   d - Ice Form                       Ice/Transmutation            4
   e - Blade Hands                    Transmutation                5
Comestibles
 c - 3 bread rations
 h - a royal jelly
 r - 4 meat rations
 x - 2 fruits


   Skills:
 - Level 1.2 Fighting
 - Level 2.1 Dodging
 - Level 3.6 Unarmed Combat
 - Level 2.2 Spellcasting
 * Level 7.6 Transmutations


You had 6 spell levels left.
You knew the following spells:

 Your Spells              Type           Power        Failure   Level  Hunger
a - Beastly Appendage     Tmut           ###...       1%          1    #......
b - Spider Form           Tmut/Pois      ##........   13%         3    ###....


Dungeon Overview and Level Annotations

Branches:
Dungeon (4/15)
 Temple: D:4-7

Altars:
Hepliaklqana
Ru
Zin

Annotations:
D:4 Edmund, Menkaure


Innate Abilities, Weirdness & Mutations

You can breathe blasts of fire.
Your fiery red scales are hard. (AC +6)
You cannot fit into any form of body armour.
Your flesh is heat resistant. (rF+)
You are cold-blooded and may be slowed by cold attacks.


Message History

Your +1 pair of boots unmelds from your body.
You start resting.
Eating one of 2 chunks of flesh.
You eat one of the 2 chunks of flesh.
This raw flesh tastes terrible.
Your magical contamination has completely faded away.
You start resting.
All of the chunks of flesh in your inventory have rotted away.
Menkaure shouts!
Menkaure mumbles some strange words.
Menkaure seems to speed up.
Menkaure casts a spell at you. Pain shoots through your body!
Menkaure hits you!
As you read the scroll of teleportation, it crumbles to dust.
You feel strangely unstable. Menkaure hits you!
* * * LOW HITPOINT WARNING * * *
It was a potion of agility.
You feel agile all of a sudden. Menkaure casts a spell at you.
Pain shoots through your body!
You die...

...# #..#
#..g.........).. ...##
#.## #..?...........
....#####.#
#.......#....#
..........##
##...........#
.#####.....#
#..##......## ##
#..#..##
###.#####....# #
#..##..## ###...##
###..##
#...)...####......#
##..# #
#.........M@......##
##.# ###
##.....###...##.....##
#.. ..###.....##
#...#..###..## ####.
........## #..)#..#
#...###.<..
.###...########.#..##
#..........
......####.........#
#.....####.
..........######...#
#...#.#####
###...##### #...#
##.###...### #####
#.##.##.## ####...


You could see Menkaure.

Vanquished Creatures
  The ghost of Tux the Conjurer, an amateur TeCj (D:4)
  The ghost of gungr the Insei, an amateur OpTm (D:3)
  Blork the orc (D:4)
  A bullfrog (D:3)
  2 hounds
  3 worker ants (D:4)
  3 gnolls (D:4)
  2 adders (D:3)
  5 oozes
  2 dart slugs
  4 leopard geckos
  2 orcs (D:3)
  7 bats
  3 giant cockroaches
  10 goblins
  12 hobgoblins
  10 jackals
  14 kobolds
  A quokka (D:2)
  5 frilled lizards
  A leopard gecko skeleton (D:4)
  3 rats
93 creatures vanquished.

Notes
Turn   | Place    | Note
-------+----------+-------------------------------------------
     0 | D:1      | keltmir the Draconian Transmuter began the quest for the Orb.
     0 | D:1      | Reached XP level 1. HP: 16/16 MP: 3/3
   121 | D:1      | Reached XP level 2. HP: 21/23 MP: 5/5
   361 | D:1      | Reached XP level 3. HP: 22/28 MP: 4/6
   956 | D:1      | Learned a level 3 spell: Spider Form
  1081 | D:2      | Reached skill level 3 in Transmutations
  1449 | D:2      | Reached XP level 4. HP: 31/35 MP: 7/7
  1768 | D:3      | Reached skill level 4 in Transmutations
  1906 | D:3      | Reached XP level 5. HP: 35/40 MP: 4/8
  1936 | D:3      | Noticed gungr's ghost (amateur OpTm)
  1965 | D:3      | Killed gungr's ghost
  1965 | D:3      | Reached skill level 5 in Transmutations
  1974 | D:3      | Reached XP level 6. HP: 12/47 MP: 3/9
  2531 | D:3      | Found a hazy altar of Hepliaklqana.
  2622 | D:4      | Noticed Edmund
  2699 | D:4      | Found a sacrificial altar of Ru.
  2705 | D:4      | Noticed Blork the orc
  2706 | D:4      | Found a glowing silver altar of Zin.
  2714 | D:4      | Killed Blork the orc
  2714 | D:4      | Reached skill level 6 in Transmutations
  2828 | D:4      | Noticed Menkaure
  3197 | D:4      | Noticed Tux's ghost (amateur TeCj)
  3211 | D:4      | Killed Tux's ghost
  3211 | D:4      | Reached skill level 7 in Transmutations
  3211 | D:4      | Your scales start taking on a fiery red colour.
  3211 | D:4      | Reached XP level 7. HP: 33/52 MP: 6/10
  3211 | D:4      | Gained mutation: Your flesh is heat resistant. (rF+) [Red Draconian growth]
  3822 | D:4      | Killed from afar by Menkaure

Skill      XL: |  1  2  3  4  5  6 |
---------------+-------------------+-----
Dodging        | 2 |  2.1
Transmutations | 3 4 5 7 |  7.6
Fighting       | |  1.2
Unarmed Combat | |  3.6
Spellcasting   | |  2.2

Action                   |  1- 3 |  4- 6 |  7- 9 || total
-------------------------+-------+-------+-------++-------
Melee: Unarmed           |   194 |   145 |    21 ||   360
       Tailslap          |    13 |     3 |       ||    16
       Headbutt          |     8 |     1 |       ||     9
       Punch             |     1 |     1 |       ||     2
 Cast: Beastly Appendage |     8 |     2 |       ||    10
       Spider Form       |       |    12 |     3 ||    15
 Abil: Breathe Fire      |       |       |     2 ||     2
  Use: Scroll            |     6 |     5 |     2 ||    13
       Potion            |       |       |     1 ||     1
 Stab: Sleeping          |       |     1 |     1 ||     2
  Eat: Chunk             |     2 |     7 |     3 ||    12
Armor: Skin              |    80 |    24 |     9 ||   113
Dodge: Dodged            |   136 |   112 |    18 ||   266
